 Dungeon Crawl Stone Soup version 0.27-a0-1442-g87b6fcb595 (webtiles) character file.

Game seed: 12802094998000498888

58 dolemite99 the Poker (level 4, 35/35 HPs)
             Began as a Merfolk Fighter on July 5, 2021.
             Was a Follower of Vehumet.
             Quit the game on level 2 of the Dungeon.
             The game lasted 00:01:50 (1811 turns).

dolemite99 the Poker (Merfolk Fighter)              Turns: 1811, Time: 00:01:50

Health: 35/35      AC:  7    Str: 17    XL:     4   Next: 2%
Magic:  4/4        EV: 10    Int:  7    God:    Vehumet [*.....]
Gold:   70         SH:  4    Dex: 13    Spells: 3/3 levels left

rFire    . . .     SeeInvis .   a - +0 trident
rCold    . . .     Faith    .   n - +0 buckler
rNeg     . . .     Spirit   .   b - +0 scale mail
rPois    .         Reflect  .   f - +0 helmet
rElec    .         Harm     .   (no cloak)
rCorr    .         Rampage  .   (no gloves)
Will     .....                  (no boots)
Stlth    ..........             (no amulet)
HPRegen  0.11/turn              (no ring)
MPRegen  0.09/turn              (no ring)

@: no status effects
A: (nimble swimmer 2), mertail
a: Renounce Religion


You were on level 2 of the Dungeon.
You worshipped Vehumet.
Vehumet was aware of your devotion.
You visited 1 branch of the dungeon, and saw 2 of its levels.

You collected 70 gold pieces.

Inventory:

Hand Weapons
 a - a +0 trident (weapon)
 d - a +2 dagger of freezing
Missiles
 g - 180 stones
 j - 61 bolts
 k - 15 poisoned darts (quivered)
 o - 45 arrows
Armour
 b - a +0 scale mail (worn)
 c - a +0 kite shield
 f - a +0 helmet (worn)
 n - a +0 buckler (worn)
Jewellery
 l - a ring of willpower
Wands
 e - a wand of polymorph (4)
Scrolls
 h - a scroll of fear {unknown}
 i - a scroll of summoning {unknown}
Potions
 m - a potion of degeneration {unknown}
 p - a potion of curing


   Skills:
 - Level 3.2 Fighting
 * Level 5.2 Polearms
 - Level 2.1 Armour
 + Level 2.4 Dodging
 - Level 3.0 Shields


You had 3 spell levels left.
You didn't know any spells.
Your spell library contained the following spells:

 Spells                   Type           Power      Damage    Failure   Level
 Freeze                   Ice            0%         1d3       87%         1
 Animate Skeleton         Necr           0%         N/A       87%         1
 Pain                     Necr           0%         1d4       87%         1
 Vampiric Draining        Necr           0%         2d6       99%         3


Dungeon Overview and Level Annotations

Branches:
Dungeon (2/15)

Altars:
Vehumet


Innate Abilities, Weirdness & Mutations

((You are quick and stealthy near water. (Stealth+, EV+, Speed+++)))
Your lower body shifts to a powerful aquatic tail in water.


Message History

No target in view!
No target in view!
Things that are here:
a +0 dagger; a +0 whip; a kobold corpse
There is a stone staircase leading down here.
There is an open door here.
o - 45 arrows (gained 25)
You open the door.
An endoplasm and a hobgoblin come into view.
The endoplasm quivers.
The hobgoblin shouts!
You reach to attack!
You hit the hobgoblin but do no damage.
There are monsters nearby!
You barely miss the hobgoblin.
The hobgoblin hits you but does no damage.
There are monsters nearby!
You hit the hobgoblin.
The hobgoblin is moderately wounded.
The hobgoblin hits you.
There are monsters nearby!
You hit the hobgoblin.
You kill the hobgoblin!
Vehumet accepts your kill.
You have reached level 4!
You hit the endoplasm but do no damage. The endoplasm freezes you.
You are frozen.
You barely miss the endoplasm. The endoplasm freezes you.
You are frozen.
You puncture the endoplasm!
You kill the endoplasm!
Vehumet accepts your kill.
There is an open door here.
You see here a hobgoblin corpse.
No target in view!
No target in view!
Found a stone staircase leading down.
Found a stone staircase leading up.
Are you sure you want to abandon this character and quit the game? (Confirm with "yes".)

##......# †.......#
##......# ###.....# ###
## PP#.....# #.. <.
.P#.....# #.# .#
P.#.....# #.# .#
P.#.....# #.###.#.#
.##.....# #.#.@...#
######†######.#.#.####
# #...............>....
######.#.####.#########
P## #.#.# #...


PP# #.#.# ##### #.........# PP# #.#.# #.........# # P.####.#.# #.........# #
.P#....#.# #.........# # There were no monsters in sight!

Vanquished Creatures
  Robin (D:2)
  An adder (D:2)
  A ball python (D:1)
  3 endoplasms (D:2)
  2 giant cockroaches
  10 goblins (D:2)
  5 hobgoblins
  2 jackals (D:2)
  4 kobolds
  4 rats (D:2)
33 creatures vanquished.

Vanquished Creatures (others)
  A plant (D:2)
  4 withered plants (D:2)
5 creatures vanquished.

Grand Total: 38 creatures vanquished

Notes
Turn   | Place    | Note
-------+----------+-------------------------------------------
     0 | D:1      | dolemite99 the Merfolk Fighter began the quest for the Orb.
     0 | D:1      | Reached XP level 1. HP: 18/18 MP: 1/1
   482 | D:1      | Reached skill level 1 in Dodging
   616 | D:1      | Reached XP level 2. HP: 24/24 MP: 2/2
   989 | D:2      | Noticed Robin
  1004 | D:2      | Reached skill level 4 in Polearms
  1016 | D:2      | Killed Robin
  1017 | D:2      | Reached XP level 3. HP: 5/29 MP: 3/3
  1023 | D:2      | HP: 1/29 [goblin/stone[Robin] (2)]
  1415 | D:2      | Found a faded altar of an unknown god.
  1445 | D:2      | Reached skill level 5 in Polearms
  1512 | D:2      | Became a worshipper of Vehumet
  1512 | D:2      | Reached * piety under Vehumet
  1512 | D:2      | Offered knowledge of Freeze by Vehumet.
  1707 | D:2      | Reached XP level 4. HP: 33/35 MP: 4/4
  1811 | D:2      | Quit the game

Illustrated notes

Levels and vault maps discovered:
D:1:      lightli_arrival_quake, layout_basic
D:2:      layout_basic, shapermc_ecumenical_altar_flowoftime, uniq_natasha,
          uniq_robin

Skill      XL: |  1  2  3 |
---------------+----------+-----
Dodging        | 1 2 |  2.4
Polearms       | 4 5 |  5.2
Fighting       | |  3.2
Armour         | |  2.1
Shields        | |  3.0

Action                   |  1- 3 |  4- 6 || total
-------------------------+-------+-------++-------
Melee: Trident           |   115 |     3 ||   118
Throw: Dart              |    19 |       ||    19
       Stone             |     3 |       ||     3
  Use: Potion            |     2 |       ||     2
       Scroll            |     1 |       ||     1
Armor: Scale mail        |    29 |       ||    29
Dodge: Dodged            |    41 |       ||    41
Block: Buckler           |     2 |       ||     2

Table legend: (Time is in decaauts)
 A = Elapsed time spent in this place.
 B = Non-inter-level travel time spent in this place.
 C = Inter-level travel time spent in this place.
 D = Time resting spent in this place.
 E = Time spent auto-exploring this place.
 F = Levels seen in this place.
 G = Mean time per level.
                   A        B        C        D        E       F      G
               +--------+--------+--------+--------+--------+-----+--------+
         Total |   1821 |   1760 |     61 |    304 |   1086 |   2 |  910.5 |
       Dungeon |   1821 |   1760 |     61 |    304 |   1086 |   2 |  910.5 |
               +--------+--------+--------+--------+--------+-----+--------+

Top non-repeatable levels by time:
     D:1: 919 daAuts
     D:2: 901 daAuts
